 Dungeon Crawl Stone Soup version 0.29-a0-397-g846e4a0bbc (webtiles) character file.

Game seed: 7917313744662812331

26567 croobank the Covert (level 13, 0/104 HPs)
             Began as a Gnoll Delver on May 11, 2022.
             Was an Initiate of Gozag.
             Slain by a polar bear (1 damage)
             ... on level 3 of the Lair of Beasts.
             The game lasted 01:58:25 (17916 turns).

croobank the Covert (Gnoll Delver)                 Turns: 17916, Time: 01:58:30

Health: 0/104      AC: 13    Str: 14    XL:     13   Next: 26%
Magic:  9/25       EV: 15    Int: 14    God:    Gozag
Gold:   2963       SH:  0    Dex: 16    Spells: 2/28 levels left

rFire   + + +      SeeInvis .   I - +1 broad axe (protect)
rCold   + . .      Faith    +   (no shield)
rNeg    + . .      Spirit   .   A - +2 ring mail {Will+}
rPois   .          Reflect  .   h - +0 hat "Issibef" {rC+ rN+}
rElec   .          Harm     .   T - scarf {repulsion}
rCorr   .          Rampage  .   N - +0 pair of gloves {Stlth+}
Will    +++..      Clarity  +   S - +2 pair of boots of Estreitau {rC+ Will++}
Stlth   +++++.....              L - amulet "Ketuu" {Faith rF+ rC+ Dex+2 Stlth-}
HPRegen 0.27/turn               v - ring of fire
MPRegen 0.19/turn               t - ring of fire

@: swift, repel missiles, quick
A: fangs 1, strong nose, distributed training, clarity, strong 1
a: Renounce Religion, Potion Petition, Call Merchant, Bribe Branch


You were on level 3 of the Lair of Beasts.
You worshipped Gozag.
Gozag was most pleased with you.
You visited 3 branches of the dungeon, and saw 14 of its levels.
You also visited: Gauntlet.

You collected 4057 gold pieces.
You paid 1094 gold pieces to Gozag.

Inventory:

Hand Weapons
 a - a +4 hand axe of flaming
 b - the +5 spear "Hydraslayer" {drain, Int+6 Dex-5}
   (You found it on level 1 of the Lair of Beasts)

   A truly terrible weapon, it drains the life of any living foe it strikes.
   Int:       It affects your intelligence (+6).
   Dex:       It affects your dexterity (-5).
 d - a +0 battleaxe
 m - the +6 trident "Leejunuh" {distort, rPois rCorr}
   (You found it in a Gauntlet)

   It warps and distorts space around it, and may blink, banish, or inflict
   extra damage upon those it strikes.
   Unwielding it can cause banishment or high damage.
   rPois:     It protects you from poison.
   rCorr:     It protects you from acid and corrosion.
 E - a +0 hand crossbow
 G - the +11 spear "Feppidwama" {flame, Will+ MP+9 SInv}
   (You found it on level 9 of the Dungeon)

   It burns those it strikes, dealing additional fire damage.
   MP:        It affects your magic capacity (+9).
   SInv:      It lets you see invisible.
   Will:      It increases your willpower.
 I - a +1 broad axe of protection (weapon)
 O - a +3 quarterstaff of chaos
 V - a +6 morningstar of distortion
Missiles
 o - 16 boomerangs (quivered)
 R - a throwing net
Armour
 h - the +0 hat "Issibef" (worn) {rC+ rN+}
   (You found it in a Gauntlet)

   rC:        It protects you from cold.
   rN:        It protects you from negative energy.
 w - a +0 ring mail of cold resistance
 A - a +2 ring mail of willpower (worn)
 J - +0 steam dragon scales
 N - a +0 pair of gloves of stealth (worn)
 S - the +2 pair of boots of Estreitau (worn) {rC+ Will++}
   (You found it on level 10 of the Dungeon)

   rC:        It protects you from cold.
   Will:      It greatly increases your willpower.
 T - a scarf of repulsion (worn)
 Y - a +0 kite shield of protection
 Z - +0 storm dragon scales
Jewellery
 e - a +4 ring of protection
 q - an amulet of regeneration
 s - an amulet of magic regeneration
 t - a ring of fire (right hand)
 v - a ring of fire (left hand)
 y - an amulet of reflection
 F - a ring of resist corrosion
 L - the amulet "Ketuu" (around neck) {Faith rF+ rC+ Dex+2 Stlth-}
   (You found it in a Gauntlet)

   [amulet of faith]

   It allows you to gain divine favour quickly.
   Dex:       It affects your dexterity (+2).
   rF:        It protects you from fire.
   rC:        It protects you from cold.
   Stlth:     It makes you less stealthy.
 M - a +6 ring of strength
 W - a +4 ring of evasion
 X - a +6 ring of strength
Wands
 g - a wand of digging (16)
 D - a wand of iceblast (20)
 H - a wand of paralysis (4)
 Q - a wand of flame (23)
Scrolls
 c - a scroll of identify
 j - 4 scrolls of teleportation
 k - a scroll of fog
 r - 5 scrolls of noise
 K - a scroll of blinking
Potions
 f - a potion of magic
 i - 8 potions of curing
 l - a potion of brilliance
 n - 3 potions of mutation
 p - 2 potions of berserk rage
 u - a potion of haste
 x - 2 potions of cancellation
 z - 2 potions of invisibility
 P - 3 potions of flight
 U - 4 potions of ambrosia


   Skills:
 + Level 10.5 Fighting
 + Level 8.1 Short Blades
 + Level 8.1 Long Blades
 + Level 9.4 Axes
 + Level 8.1 Maces & Flails
 + Level 8.1 Polearms
 + Level 8.1 Staves
 + Level 8.1 Slings
 + Level 8.1 Bows
 + Level 8.1 Crossbows
 + Level 8.1 Throwing
 + Level 8.1 Armour
 + Level 9.4 Dodging
 + Level 12.4 Stealth
 + Level 8.1 Shields
 + Level 8.1 Unarmed Combat
 + Level 8.1 Spellcasting
 + Level 6.8 Conjurations
 + Level 6.8 Hexes
 + Level 6.8 Summonings
 + Level 6.8 Necromancy
 + Level 6.8 Translocations
 + Level 6.8 Transmutations
 + Level 6.8 Fire Magic
 + Level 6.8 Ice Magic
 + Level 6.8 Air Magic
 + Level 6.8 Earth Magic
 + Level 6.8 Poison Magic
 + Level 8.9 Invocations
 + Level 8.1 Evocations


You had 2 spell levels left.
You knew the following spells:

 Your Spells              Type           Power      Damage    Failure   Level
a - Petrify               Tmut/Erth      24%        N/A       14%         4
b - Ensorcelled Hibernat  Hex/Ice        48%        N/A       1%          2
c - Mephitic Cloud        Conj/Pois/Air  24%        N/A       4%          3
d - Swiftness             Air            24%        N/A       4%          3
e - Flame Wave            Conj/Fire      54%        2d11      14%         4
f - Sticky Flame          Conj/Fire      54%        2d7       14%         4
g - Scorch                Fire           100%       2d10      1%          2
h - Summon Ice Beast      Ice/Summ       24%        N/A       14%         4

Your spell library contained the following spells:

 Spells                   Type           Power      Damage    Failure   Level
 Magic Dart               Conj           96%        1d7       1%          1
 Pain                     Necr           96%        1d8       1%          1
 Sandblast                Erth           48%        2d12      1%          1
 Summon Small Mammal      Summ           96%        N/A       1%          1
 Blink                    Tloc           48%        N/A       1%          2
 Call Imp                 Summ           24%        N/A       1%          2
 Passwall                 Tmut/Erth      20%        N/A       1%          2
 Static Discharge         Conj/Air       24%        N/A       1%          2
 Call Canine Familiar     Summ           24%        N/A       4%          3
 Dazzling Flash           Conj/Hex       48%        N/A       4%          3
 Lesser Beckoning         Tloc           24%        N/A       4%          3
 Portal Projectile        Hex/Tloc       48%        N/A       4%          3
 Stone Arrow              Conj/Erth      48%        3d10      4%          3
 Animate Dead             Necr           12%        N/A       14%         4
 Dispel Undead            Necr           24%        3d12      14%         4
 Leda's Liquefaction      Hex/Erth       12%        N/A       14%         4
 Passage of Golubria      Tloc           24%        N/A       14%         4
 Summon Lightning Spire   Summ/Air       24%        N/A       14%         4
 Agony                    Necr           24%        N/A       36%         5
 Blade Hands              Tmut           12%        N/A       36%         5
 Excruciating Wounds      Necr           12%        N/A       36%         5
 Freezing Cloud           Conj/Ice/Air   12%        6-21      36%         5
 Manifold Assault         Tloc           24%        N/A       36%         5
 Metabolic Englaciation   Hex/Ice        12%        N/A       36%         5
 Silence                  Hex/Air        12%        N/A       36%         5
 Summon Forest            Summ/Tloc      12%        N/A       36%         5
 Eringya's Noxious Bog    Tmut/Pois      12%        N/A       91%         6
 Statue Form              Tmut/Erth      16%        N/A       91%         6
 Summon Cactus Giant      Summ           12%        N/A       91%         6
 Haunt                    Necr/Summ      12%        N/A       100%        7
 Summon Hydra             Summ           12%        N/A       100%        7
 Infestation              Necr           12%        N/A       100%        8
 Lehudib's Crystal Spear  Conj/Erth      12%        10d4      100%        8
 Dragon's Call            Summ           12%        N/A       100%        9


Dungeon Overview and Level Annotations

Branches:
Dungeon (10/15)            Temple (1/1) D:5            Lair (3/6) D:10
    Orc (0/2) D:10        Gauntlet (visited)
  Swamp: Lair:2-4    Shoals: Lair:2-4     Snake: Lair:2-4    Spider: Lair:2-4

Altars:
Ashenzari
Cheibriados
Dithmenos
Elyvilon
Fedhas
Gozag
Hepliaklqana
Kikubaaqudgha
Makhleb
Nemelex Xobeh
Okawaru
Qazlal
Ru
Sif Muna
Trog
Uskayaw
Xom
Yredelemnul
The Shining One

Annotations:
D:9 2 transporters, om's ghost, novice DjFE
Lair:1 1 runed translucent door, Mootru's ghost, journeyman MyFi
Lair:2 3 runed translucent doors, Urgle's ghost, journeyman DsBe
Lair:3 exclusion: ice statue


Innate Abilities, Weirdness & Mutations

You have very sharp teeth.
Your uncanny sense of smell can sniff out nearby items.
Your experience applies equally to all skills.
You possess an exceptional clarity of mind.
Your muscles are strong. (Str +2)


Message History

The flame wave engulfs the ice dragon!
The ice dragon is burned terribly!
The ice dragon is heavily wounded. (Press . to intensify the flame waves.)
The polar bear burns!
The ice dragon burns!
The ice dragon closely misses you.
The ice dragon claws you but does no damage.
The ice dragon tramples you but does no damage.
The polar bear bites you but does no damage.
The polar bear claws you but does no damage.
The polar bear barely misses you.
A wave of flame ripples out!
The flame wave engulfs the polar bear but does no damage.
The polar bear is heavily wounded.
The flame wave engulfs the ice dragon but does no damage.
The ice dragon is heavily wounded.
The polar bear burns!
The ice dragon burns!
The ice dragon bites you! The ice dragon claws you.
The ice dragon barely misses you. The polar bear closely misses you.
The polar bear barely misses you. The polar bear completely misses you.
A wave of flame ripples out!
The flame wave engulfs the polar bear.
The polar bear is severely wounded.
The flame wave engulfs the ice dragon!!
The ice dragon is burned terribly!
The ice dragon is almost dead.
You finish channelling waves of flame.
You hear a trumpeting!
The polar bear burns!
The polar bear stops burning.
The ice dragon burns!
The ice dragon breathes frost at you. The blast of cold hits you!! You resist.
* * * LOW HITPOINT WARNING * * *
The polar bear is engulfed in a cloud of scalding steam.
The polar bear goes berserk!
The polar bear is engulfed in a cloud of scalding steam.
The polar bear rages.
The polar bear attacks as you move away!
The polar bear bites you!
* * * LOW HITPOINT WARNING * * *
The polar bear claws you.
* * * LOW HITPOINT WARNING * * *
The polar bear claws you.
You die...
Your body crumbles into a pile of gold.

#...........# .#
##.....≈≈≈≈..##.#
.......≈≈≈≈≈≈≈..... ..
..P.#≈≈≈≈≈≈≈≈≈....
.#.##..#.≈≈≈§§§§§≈≈...
........≈≈§§§§§§≈≈....
#.#P....≈≈§§§.§§§..#...
###.##P..#..§§Dh§§§...P..
...............§@§.§.......
...............§§§§##..##..#
............................
#......####....#.P..≈P..#.###
........#####..##.⌠.≈≈≈......
......h.FDY<$......≈≈≈≈...?..
#.......#Yh.#.....≈≈≈≈.≈≈≈≈..
.........h........≈≈≈.≈≈≈≈≈≈≈
.##.....#..#....##≈≈...≈≈≈≈≈≈


You could see an ice dragon (burning) and a polar bear (berserk).

Vanquished Creatures
  A minotaur (Gauntlet)
  Harold (D:10)
  A ghost crab (Gauntlet)
  3 hydras
  Erica (D:10)
  A fire crab (Gauntlet)
  Lodul (D:10)
  Maurice (D:8)
  A black mamba (Lair:2)
  8 cane toads
  Maggie (D:8)
  2 komodo dragons
  A rime drake (Lair:1)
  7 hornets
  Grinder (D:3)
  A slime creature (D:10)
  10 blink frogs
  Sigmund (D:2)
  21 yaks
  3 shadows (D:10)
  2 wyverns
  3 basilisks
  5 fire bats
  A wraith (D:10)
  2 steam dragons (D:7)
  Grum (D:8)
  2 two-headed ogre zombies (D:10)
  The ghost of hgbash the Digger, an amateur GrEE (D:3)
  An acid dragon (D:10)
  4 water moccasins (Lair:1)
  2 sky beasts (D:7)
  6 orc warriors
  3 black bears
  3 ice beasts
  12 ogres
  2 centaurs
  10 wolves
  3 kobold brigands
  A phantom (D:5)
  16 bullfrogs
  4 scorpions
  6 wights
  A troll zombie (D:10)
  8 killer bees (D:10)
  6 howler monkeys
  An electric eel (Lair:3)
  3 hounds
  A gnoll shaman (D:10)
  3 jellies
  Crazy Yiuf (D:4)
  7 orc priests
  5 iguanas
  10 orc wizards
  5 ogre zombies (D:10)
  4 gnolls (D:5)
  9 adders
  A shadow imp (D:6)
  A white imp (D:4)
  3 worms
  A dart slug (D:4)
  47 orcs
  6 ball pythons
  6 bats
  9 endoplasms
  14 giant cockroaches
  8 goblins
  15 hobgoblins
  A jackal (D:2)
  22 kobolds
  7 quokkas
  3 frilled lizards (D:1)
  3 goblin skeletons (D:10)
  2 goblin zombies (D:10)
  A hobgoblin skeleton (D:10)
  2 hobgoblin zombies (D:10)
  5 orc skeletons (D:10)
  11 orc zombies (D:10)
  3 rats
392 creatures vanquished.

Vanquished Creatures (collateral kills)
  An ice beast (Lair:3)
  A wolf (Lair:2)
2 creatures vanquished.

Vanquished Creatures (others)
  A polar bear (Lair:3)
  A shadow imp (D:7)
  An orc (D:7)
  43 fungi
  65 plants
  4 withered plants
115 creatures vanquished.

Grand Total: 509 creatures vanquished

Notes
Turn   | Place    | Note
-------+----------+-------------------------------------------
     0 | D:5      | Reached skill level 9 in Stealth
     0 | D:5      | croobank the Gnoll Delver began the quest for the Orb.
     0 | D:5      | Reached XP level 1. HP: 23/23 MP: 1/1
    24 | D:5      | Noticed a hound
    46 | D:5      | Found a staircase to the Ecumenical Temple.
    69 | Temple   | Entered the Ecumenical Temple
   222 | Temple   | Became a worshipper of Gozag Ym Sagoz the Greedy
   243 | D:5      | Reached skill level 5 in Axes
   243 | D:5      | Reached skill level 5 in Dodging
   243 | D:5      | Reached skill level 1 in Conjurations
   243 | D:5      | Reached skill level 1 in Hexes
   243 | D:5      | Reached skill level 1 in Summonings
   243 | D:5      | Reached skill level 1 in Necromancy
   243 | D:5      | Reached skill level 1 in Translocations
   243 | D:5      | Reached skill level 1 in Transmutations
   243 | D:5      | Reached skill level 1 in Fire Magic
   243 | D:5      | Reached skill level 1 in Ice Magic
   243 | D:5      | Reached skill level 1 in Air Magic
   243 | D:5      | Reached skill level 1 in Earth Magic
   243 | D:5      | Reached skill level 1 in Poison Magic
   243 | D:5      | Reached XP level 2. HP: 9/31 MP: 1/5
   546 | D:3      | Noticed Grinder
   564 | D:2      | Reached XP level 3. HP: 35/36 MP: 6/6
  1143 | D:1      | Reached XP level 4. HP: 43/43 MP: 7/7
  1157 | D:1      | Found a faded altar of an unknown god.
  1846 | D:2      | Found a sparkling altar of Nemelex Xobeh.
  2292 | D:2      | Reached XP level 5. HP: 48/48 MP: 8/8
  2488 | D:2      | Noticed Sigmund
  2766 | D:3      | Found a runed translucent gate.
  2768 | D:3      | Found a runed translucent gate.
  2769 | D:3      | Found a runed translucent gate.
  2774 | D:3      | Noticed hgbash's ghost (amateur GrEE)
  2894 | D:3      | Killed Grinder
  2895 | D:3      | Reached skill level 10 in Stealth
  2895 | D:3      | Reached XP level 6. HP: 26/55 MP: 8/10
  3092 | D:3      | Found a sacrificial altar of Ru.
  3092 | D:3      | Found a burning altar of Makhleb.
  3092 | D:3      | Found a stormy altar of Qazlal.
  3092 | D:3      | Found an ancient bone altar of Kikubaaqudgha.
  3497 | D:3      | Found a hide-covered altar of Uskayaw.
  3599 | D:3      | Learned a level 4 spell: Petrify
  3611 | D:3      | Reached XP level 7. HP: 60/60 MP: 11/11
  4183 | D:4      | Found a blossoming altar of Fedhas.
  4186 | D:4      | Found a glowing golden altar of the Shining One.
  4398 | D:4      | Found a broken altar of Ashenzari.
  4536 | D:4      | Found a runed translucent door.
  4537 | D:4      | Noticed Crazy Yiuf
  4692 | D:4      | Found a hazy altar of Hepliaklqana.
  4693 | D:4      | Found a shadowy altar of Dithmenos.
  4693 | D:4      | Noticed a shadow
  5392 | D:5      | Found an iron altar of Okawaru.
  5501 | D:6      | Gained mutation: You have a pair of small horns on your
                  | head. [potion of mutation]
  5501 | D:6      | Gained mutation: Your spells are a little harder to cast,
                  | but a little more powerful. [potion of mutation]
  5509 | D:6      | Reached XP level 8. HP: 28/67 MP: 13/13
  6731 | D:6      | Found a bloodstained altar of Trog.
  7321 | D:7      | Reached XP level 9. HP: 72/74 MP: 15/15
  7485 | D:7      | Noticed a hornet
  7491 | D:7      | Paralysed by a hornet for 3 turns
  7495 | D:7      | Killed a hornet
  7724 | D:7      | Reached skill level 5 in Invocations
  7900 | D:7      | Learned a level 2 spell: Ensorcelled Hibernation
  7904 | D:7      | Learned a level 3 spell: Mephitic Cloud
  7908 | D:7      | Learned a level 3 spell: Swiftness
  8756 | D:8      | Noticed Maggie
  8798 | D:8      | Noticed Grum
  8799 | D:8      | Paralysed by Maggie for 5 turns
  8802 | D:8      | HP: 1/72 [centaur/arrow (9)]
  9198 | D:7      | Reached skill level 5 in Short Blades
  9198 | D:7      | Reached skill level 5 in Long Blades
  9198 | D:7      | Reached skill level 5 in Maces & Flails
  9198 | D:7      | Reached skill level 5 in Polearms
  9198 | D:7      | Reached skill level 5 in Staves
  9198 | D:7      | Reached skill level 5 in Slings
  9198 | D:7      | Reached skill level 5 in Bows
  9198 | D:7      | Reached skill level 5 in Crossbows
  9198 | D:7      | Reached skill level 5 in Throwing
  9198 | D:7      | Reached skill level 5 in Armour
  9198 | D:7      | Reached skill level 5 in Shields
  9198 | D:7      | Reached skill level 5 in Unarmed Combat
  9198 | D:7      | Reached skill level 5 in Spellcasting
  9198 | D:7      | Reached skill level 5 in Evocations
  9302 | D:8      | Killed Grum
  9303 | D:8      | Reached XP level 10. HP: 39/81 MP: 17/17
  9497 | D:8      | Paralysed by Maggie for 5 turns
  9512 | D:8      | Killed Maggie
  9810 | D:8      | Noticed Maurice
  9825 | D:8      | Killed Maurice
  9826 | D:8      | Reached skill level 11 in Stealth
 10251 | D:9      | Noticed a moth of wrath
 10433 | D:2      | Killed Sigmund
 10590 | D:4      | Killed Crazy Yiuf
 11039 | D:9      | Found a transporter.
 11043 | D:9      | Noticed om's ghost (novice DjFE)
 11053 | D:9      | Found a transporter.
 11151 | D:9      | Paralysed by a hornet for 1 turns
 11157 | D:10     | Entered Level 10 of the Dungeon
 11162 | D:10     | HP: 5/123 [hornet (5)]
 11167 | D:10     | Paralysed by a hornet for 3 turns
 11336 | D:9      | Identified the +11 spear "Feppidwama" {flame, Will+ MP+9
                  | SInv}
 11420 | D:9      | Found a basalt altar of Yredelemnul.
 11583 | D:9      | Learned a level 4 spell: Flame Wave
 11588 | D:9      | Learned a level 4 spell: Sticky Flame
 11665 | D:9      | Reached XP level 11. HP: 89/89 MP: 20/20
 11837 | D:10     | Noticed Lodul
 11852 | D:9      | Reached skill level 5 in Conjurations
 11852 | D:9      | Reached skill level 5 in Hexes
 11852 | D:9      | Reached skill level 5 in Summonings
 11852 | D:9      | Reached skill level 5 in Necromancy
 11852 | D:9      | Reached skill level 5 in Translocations
 11852 | D:9      | Reached skill level 5 in Transmutations
 11852 | D:9      | Reached skill level 5 in Fire Magic
 11852 | D:9      | Reached skill level 5 in Ice Magic
 11852 | D:9      | Reached skill level 5 in Air Magic
 11852 | D:9      | Reached skill level 5 in Earth Magic
 11852 | D:9      | Reached skill level 5 in Poison Magic
 12056 | D:3      | Learned a level 2 spell: Scorch
 12069 | D:3      | Killed hgbash's ghost
 12570 | D:10     | Noticed Harold
 12639 | D:10     | Killed Lodul
 12888 | D:10     | Found a staircase to the Orcish Mines.
 12889 | D:10     | Identified the +2 pair of boots of Estreitau {rC+ Will++}
 13080 | D:10     | Killed Harold
 13232 | D:10     | Found a staircase to the Lair.
 13487 | D:10     | Noticed Erica
 13499 | D:10     | Killed Erica
 13814 | Lair:1   | Entered Level 1 of the Lair of Beasts
 13841 | Lair:1   | Reached XP level 12. HP: 88/96 MP: 22/22
 14036 | Lair:1   | Found a hazy altar of Hepliaklqana.
 14134 | Lair:1   | Got the Grimoire of the Frigorific Escort
 14230 | Lair:1   | Noticed a four-headed hydra
 14389 | Lair:1   | Identified the +5 spear "Hydraslayer" {drain, Int+6 Dex-5}
 14418 | Lair:1   | Killed a four-headed hydra
 14419 | Lair:1   | Reached skill level 12 in Stealth
 14591 | Lair:1   | Found a runed translucent door.
 14592 | Lair:1   | Noticed Mootru's ghost (journeyman MyFi)
 14634 | Lair:1   | Reached skill level 10 in Fighting
 14889 | Lair:2   | Found a runed translucent gate.
 14889 | Lair:2   | Found a runed translucent gate.
 14889 | Lair:2   | Found a runed translucent gate.
 14893 | Lair:2   | Noticed Urgle's ghost (journeyman DsBe)
 14894 | Lair:2   | Noticed a 13-headed hydra
 14974 | Lair:2   | Found a gate leading to a gauntlet.
 15107 | Gauntlet | Entered a Gauntlet
 15107 | Gauntlet | Found a transporter.
 15115 | Gauntlet | Found a transporter.
 15126 | Gauntlet | Found a transporter.
 15149 | Gauntlet | Found a transporter.
 15151 | Gauntlet | Found a transporter.
 15160 | Gauntlet | Noticed a soul eater
 15162 | Gauntlet | Found a transporter.
 15180 | Gauntlet | Learned a level 4 spell: Summon Ice Beast
 15204 | Gauntlet | Found a transporter.
 15206 | Gauntlet | Found a large runed translucent door.
 15206 | Gauntlet | Found a large runed translucent door.
 15207 | Gauntlet | Found a large runed translucent door.
 15207 | Gauntlet | Found a large runed translucent door.
 15208 | Gauntlet | Found a large runed translucent door.
 15208 | Gauntlet | Found a large runed translucent door.
 15208 | Gauntlet | Found a runed translucent door.
 15208 | Gauntlet | Found a runed translucent door.
 15208 | Gauntlet | Found a large runed translucent door.
 15209 | Gauntlet | Found a transporter.
 15225 | Gauntlet | Found a transporter.
 15240 | Gauntlet | Found a large runed translucent door.
 15241 | Gauntlet | Found a large runed translucent door.
 15242 | Gauntlet | Found a large runed translucent door.
 15243 | Gauntlet | Found a runed translucent gate.
 15244 | Gauntlet | Found a transporter.
 15244 | Gauntlet | Found a runed translucent gate.
 15245 | Gauntlet | Found a runed translucent gate.
 15246 | Gauntlet | Found a large runed translucent door.
 15247 | Gauntlet | Found a large runed translucent door.
 15248 | Gauntlet | Found a large runed translucent door.
 15256 | Gauntlet | Found a transporter.
 15256 | Gauntlet | Found a large runed translucent door.
 15256 | Gauntlet | Found a large runed translucent door.
 15257 | Gauntlet | Found a large runed translucent door.
 15269 | Gauntlet | Noticed a reaper
 15277 | Gauntlet | Found a transporter.
 15284 | Gauntlet | Noticed a ghost crab
 15286 | Gauntlet | Found a transporter.
 15307 | Gauntlet | Found a transporter.
 15319 | Gauntlet | Found a transporter.
 15336 | Gauntlet | Found a transporter.
 15409 | Gauntlet | Found a transporter.
 15421 | Gauntlet | Noticed an entropy weaver
 15778 | Gauntlet | Found a transporter.
 15836 | Gauntlet | Identified the +0 hat "Issibef" {rC+ rN+}
 15869 | Gauntlet | Lost mutation: You have a pair of small horns on your head.
                  | [potion of mutation]
 15869 | Gauntlet | Lost mutation: Your spells are a little harder to cast, but
                  | a little more powerful. [potion of mutation]
 15869 | Gauntlet | Gained mutation: Your muscles are strong. (Str +2) [potion
                  | of mutation]
 15869 | Gauntlet | Gained mutation: You possess an exceptional clarity of
                  | mind. [potion of mutation]
 16026 | Gauntlet | Killed a ghost crab
 16041 | Gauntlet | Identified the amulet "Ketuu" {Faith rF+ rC+ Dex+2 Stlth-}
 16097 | Gauntlet | Noticed a minotaur
 16117 | Gauntlet | Killed a minotaur
 16122 | Gauntlet | Got Nudaycon's Incunabulum of the Creative Mountains
 16128 | Gauntlet | Identified the +6 trident "Leejunuh" {distort, rPois rCorr}
 16135 | Gauntlet | Got the Volume of Evil Air
 16243 | Lair:2   | Noticed a six-headed hydra
 16259 | Lair:2   | Killed a six-headed hydra
 16328 | Lair:2   | Reached XP level 13. HP: 90/103 MP: 24/24
 17590 | Lair:3   | Noticed an ice dragon
 17916 | Lair:3   | HP: 4/104 [polar bear (10)]
 17916 | Lair:3   | HP: 1/104 [polar bear (3)]
 17916 | Lair:3   | Slain by a polar bear

Illustrated notes

Levels and vault maps discovered:
D:1:      dpeg_arrival_lava_temple_mockup, layout_basic, basic_ecumenical_altar
D:2:      layout_basic, basic_altar, minmay_cupped, uniq_sigmund
D:3:      layout_rooms, grunt_temple_overflow_cloverleaf,
          mainiacjoe_overflow_catwalk, gammafunk_ghost_split, uniq_grinder
D:4:      layout_rooms, riverfiend_overflow_shadow_ancestor,
          mainiacjoe_overflow_chevrons, nicolae_overflow_squiral, serial_curves,
          eino_curves_02, eino_curves_01, eino_curves_03, eino_curves_01,
          uniq_crazy_yiuf_cottage
D:5:      layout_cave_pools, overflow_temple_1_default,
          minmay_temple_entry_trees
D:6:      layout_rooms, bloody_trog, gup_sewer_entry_spiral
D:7:      layout_basic, nicolae_benzene_ring, serial_bayou_pond_b
D:8:      layout_basic, minmay_misc_feat_tiny, uniq_maggie, uniq_maurice,
          uniq_grum
D:9:      layout_cross, mainiacjoe_overflow_surrounded_room, serial_park,
          serial_park_gazebo [serial_park_minivault_5x5_2], serial_park_square1
          [serial_park_minivault_5x5_8], serial_park_tiny_1, serial_park_tiny_1,
          gammafunk_ghost_berserking_beasts
D:10:     kennysheep_blocky_room, layout_long_grid,
          grunt_lair_entry_orc_guard_hut, zombieorc2_lemuel, uniq_lodul,
          uniq_erica, uniq_harold
Temple:   nicolae_temple_figure_zero
Lair:1:   layout_misc_corridors, basic_altar, nicolae_volcano_entry_batcave,
          gammafunk_ghost_grave, grunt_megastairs_4
Lair:2:   layout_layer_cave, gammafunk_ghost_hydra_chop, gauntlet_entry_generic,
          infiniplex_staircase_pool_2
Lair:3:   layout_long_grid, spider_nest_entry_webs, minivault_24, ice2_lemuel,
          serial_bayou_shore_a, infiniplex_staircase_pool

Skill      XL: |  1  2  3  4  5  6  7  8  9 10 11 12 13 |
---------------+----------------------------------------+-----
Stealth        | 10 11 12 | 12.4
Fighting       | 7 8 9 10 | 10.5
Short Blades   | 2 3 4 5 6 7 8 |  8.1
Long Blades    | 2 3 4 5 6 7 8 |  8.1
Axes           | 5 6 7 8 9 |  9.4
Maces & Flails | 2 3 4 5 6 7 8 |  8.1
Polearms       | 2 3 4 5 6 7 8 |  8.1
Staves         | 2 3 4 5 6 7 8 |  8.1
Slings         | 2 3 4 5 6 7 8 |  8.1
Bows           | 2 3 4 5 6 7 8 |  8.1
Crossbows      | 2 3 4 5 6 7 8 |  8.1
Throwing       | 2 3 4 5 6 7 8 |  8.1
Armour         | 2 3 4 5 6 7 8 |  8.1
Dodging        | 5 6 7 8 9 |  9.4
Shields        | 2 3 4 5 6 7 8 |  8.1
Unarmed Combat | 2 3 4 5 6 7 8 |  8.1
Spellcasting   | 2 3 4 5 6 7 8 |  8.1
Conjurations   | 1 2 3 4 5 6 |  6.8
Hexes          | 1 2 3 4 5 6 |  6.8
Summonings     | 1 2 3 4 5 6 |  6.8
Necromancy     | 1 2 3 4 5 6 |  6.8
Translocations | 1 2 3 4 5 6 |  6.8
Transmutations | 1 2 3 4 5 6 |  6.8
Fire Magic     | 1 2 3 4 5 6 |  6.8
Ice Magic      | 1 2 3 4 5 6 |  6.8
Air Magic      | 1 2 3 4 5 6 |  6.8
Earth Magic    | 1 2 3 4 5 6 |  6.8
Poison Magic   | 1 2 3 4 5 6 |  6.8
Invocations    | 2 3 4 5 6 7 8 |  8.9
Evocations     | 2 3 4 5 6 7 8 |  8.1

Action                   |  1- 3 |  4- 6 |  7- 9 | 10-12 | 13-15 || total
-------------------------+-------+-------+-------+-------+-------++-------
Melee: Hand axe          |    34 |    61 |   326 |   140 |       ||   561
       Punch             |     3 |     4 |     3 |    28 |     6 ||    44
       Dagger            |    48 |   131 |       |       |       ||   179
       Bite              |     6 |    11 |    34 |    92 |    13 ||   156
       Headbutt          |       |       |    50 |   166 |       ||   216
       Falchion          |       |       |       |    65 |       ||    65
       Spear             |       |       |       |   477 |    20 ||   497
       Scimitar          |       |       |       |     1 |       ||     1
       Broad axe         |       |       |       |       |    91 ||    91
 Fire: Hand crossbow     |       |       |     4 |       |       ||     4
Throw: Boomerang         |       |       |     4 |       |       ||     4
       Dart              |       |       |    14 |       |       ||    14
 Cast: Swiftness         |       |       |     1 |     9 |     3 ||    13
       Mephitic Cloud    |       |       |     1 |     1 |       ||     2
       Ensorcelled Hiber |       |       |       |     6 |       ||     6
       Scorch            |       |       |       |     7 |     7 ||    14
       Sticky Flame      |       |       |       |     3 |     5 ||     8
       Summon Ice Beast  |       |       |       |     4 |     4 ||     8
       Petrify           |       |       |       |     2 |       ||     2
       Flame Wave        |       |       |       |     1 |     3 ||     4
Invok: Potion Petition   |       |       |     1 |     3 |       ||     4
Evoke: Wand              |       |       |     9 |    10 |     1 ||    20
  Use: Potion            |     3 |     1 |     3 |    10 |       ||    17
       Scroll            |     2 |     8 |     4 |    14 |     1 ||    29
 Stab: Sleeping          |     6 |     9 |    10 |    15 |     5 ||    45
       Distracted        |       |       |     5 |     3 |       ||     8
       Paralysed         |       |       |       |    11 |       ||    11
       Invisible         |       |       |       |     5 |       ||     5
Armor: Leather armour    |    25 |    49 |    56 |       |       ||   130
       Steam dragon scal |       |       |       |    68 |       ||    68
       Skin              |       |       |       |    39 |       ||    39
       Ring mail         |       |       |       |    87 |    91 ||   178
Dodge: Dodged            |    69 |   117 |   223 |   386 |   132 ||   927
       Repelled          |       |       |       |       |     2 ||     2

Table legend: (Time is in decaauts)
 A = Elapsed time spent in this place.
 B = Non-inter-level travel time spent in this place.
 C = Inter-level travel time spent in this place.
 D = Time resting spent in this place.
 E = Time spent auto-exploring this place.
 F = Levels seen in this place.
 G = Mean time per level.
                   A        B        C        D        E       F      G
               +--------+--------+--------+--------+--------+-----+--------+
         Total |  17894 |  17021 |    873 |   3910 |   7280 |  15 | 1192.9 |
       Dungeon |  13713 |  12964 |    749 |   3307 |   5407 |  10 | 1371.3 |
        Temple |    122 |     84 |     38 |      0 |     75 |   1 |  122.0 |
          Lair |   3033 |   2948 |     85 |    352 |   1626 |   3 | 1011.0 |
      Gauntlet |   1024 |   1024 |      0 |    250 |    171 |   1 | 1024.0 |
               +--------+--------+--------+--------+--------+-----+--------+

Top non-repeatable levels by time:
     D:7: 2278 daAuts
  Lair:2: 1919 daAuts
     D:3: 1725 daAuts
    D:10: 1589 daAuts
     D:5: 1329 daAuts
     D:8: 1306 daAuts
     D:6: 1299 daAuts
     D:4: 1211 daAuts
     D:2: 1133 daAuts
  Lair:1: 1025 daAuts
Gauntlet: 1024 daAuts
     D:9: 942 daAuts
     D:1: 897 daAuts
  Temple: 122 daAuts
  Lair:3: 88 daAuts
